 Dungeon Crawl Stone Soup version 0.18-a0-1160-geb89fc2 (webtiles) character file.

4843 Duffy the Cleaver (level 10, 0/76 HPs)
             Began as a Formicid Fighter on Jan 24, 2016.
             Incinerated by cireshan's ghost (2 damage)
             ... with a sticky flame
             ... on level 9 of the Dungeon.
             The game lasted 00:12:33 (10041 turns).

Duffy the Cleaver (Formicid Fighter)               Turns: 10041, Time: 00:12:33

Health: 0/76       AC: 17    Str: 35    XL:     10   Next: 78%
Magic:  10/10      EV:  8    Int:  7    God:
Gold:   765        SH: 14    Dex: 14    Spells: 0 memorised, 9 levels left

rFire  . . .     SeeInvis +     a - +0 war axe
rCold  . . .     Gourm    .     k - +0 plate armour
rNeg   . . .     Faith    .     c - +0 shield
rPois  .         Spirit   .     (helmet unavailable)
rElec  .         Dismiss  .     G - +0 cloak
rCorr  .         Reflect  .     i - +2 pair of gloves
SustAt .         Harm     .     (no boots)
MR     +....                    (no amulet)
Stlth  ..........               D - +4 ring of dexterity
                                x - +5 ring of strength

@: mighty, liquid flames, glowing, somewhat resistant to hostile enchantments,
extremely unstealthy
A: permanent stasis, dig shafts and tunnels, four strong arms, antennae 3
a: Dig, Shaft Self


You were on level 9 of the Dungeon.
You were not hungry.

You visited 2 branches of the dungeon, and saw 10 of its levels.
You also visited: Ossuary.

You collected 858 gold pieces.
You spent 93 gold pieces at shops.


Innate Abilities, Weirdness & Mutations

You are under a permanent stasis effect.
You can dig through walls and to a lower floor.
Your four strong arms can wield two-handed weapons with a shield.
You have a pair of large antennae on your head (SInv).


   Skills:
 + Level 5.9 Fighting
 * Level 10.9 Axes
 + Level 5.7 Armour
 - Level 10.8 Shields


You had 9 spell levels left.
You didn't know any spells.

Inventory:

Hand Weapons
 a - a +0 war axe (weapon)
 p - a +1 dagger of venom
 v - the +0 hand axe "Yriedd" {chop, rC+ Stlth+}

   It inflicts extra damage upon your enemies.
   It protects you from cold.
   It makes you more stealthy.
Missiles
 L - 10 tomahawks (quivered)
Armour
 c - a +0 shield (worn)
 i - a +2 pair of gloves (worn)
 k - a +0 plate armour (worn)
 l - a +0 chain mail
 G - a +0 cloak (worn)
Jewellery
 n - a cursed ring of positive energy
 o - an uncursed ring of ice
 x - a +5 ring of strength (left hand)
 D - a +4 ring of dexterity (right hand)
 I - an uncursed ring of positive energy
Wands
 t - a wand of random effects (15/48)
 y - a wand of flame (22/48)
 E - a wand of polymorph (5/24)
 F - a wand of enslavement (9/24)
 O - a wand of slowing (29/48)
Scrolls
 h - 3 scrolls of remove curse
 q - a scroll of enchant armour
 B - a scroll of fog
 C - a scroll of magic mapping
 H - 2 scrolls of enchant weapon
 N - a scroll of holy word
 P - a scroll of torment {unknown}
Potions
 b - a potion of berserk rage {unknown}
 e - 2 potions of resistance
 g - 2 potions of lignification
 m - 4 potions of agility
 r - 3 potions of magic
 w - 3 potions of curing
 A - a potion of cancellation
 J - 2 potions of heal wounds {unknown}
Comestibles
 f - 10 bread rations
 j - 4 meat rations
 s - 3 beef jerkies
 u - 2 royal jellies
 z - 3 fruits
 K - a slice of pizza
 M - a chunk of flesh

Dungeon Overview and Level Annotations

Branches:
Dungeon (9/15)             Temple (1/1) D:4
   Lair: D:8-11         Orc: D:9-12

Altars:
Ashenzari
Dithmenos
Elyvilon
Fedhas
Gozag
Kikubaaqudgha
Makhleb
Nemelex Xobeh
Okawaru
Pakellas
Qazlal
Ru
Sif Muna
Trog
Vehumet
Xom
Yredelemnul
Zin
The Shining One

Shops:
D:4 ?

Annotations:
D:9 cireshan's ghost, novice HEFE


Message History

You are too injured to fight recklessly!
You are too injured to fight recklessly!
You are too injured to fight recklessly!
You are too injured to fight recklessly!
You are too injured to fight recklessly!
You are too injured to fight recklessly!
You are too injured to fight recklessly!
You are too injured to fight recklessly!
You are too injured to fight recklessly!
You are too injured to fight recklessly!
You are too injured to fight recklessly!
Your plate armour prevents you from hitting cireshan's ghost.
Cireshan's ghost is moderately damaged.
You are covered in liquid flames!
You closely miss cireshan's ghost.
Cireshan's ghost is moderately damaged.
You are covered in liquid flames!
Cireshan's ghost hits you but does no damage.
You barely miss cireshan's ghost.
Cireshan's ghost is moderately damaged.
You are covered in liquid flames!
Cireshan's ghost hits you but does no damage.
You slash cireshan's ghost!
Cireshan's ghost is heavily damaged.
You are covered in liquid flames!
Cireshan's ghost points at you and mumbles some strange words.
The flame tongue hits you!
You closely miss cireshan's ghost.
Cireshan's ghost is heavily damaged.
You are covered in liquid flames!
Cireshan's ghost hits you but does no damage.
You slice cireshan's ghost!!
Cireshan's ghost is almost destroyed.
You are covered in liquid flames!
You die...

#.# ####.### #......# #.####.#
#.#....####
#.#......>###############
####.####....<#.............
#.......#+#...#.###########.
#####.##.......@#.#.#.....#.....
#<....######..%W#.#.#.###.#...##
##.###.# #.....#...#.#........#
?..#...# #.....#####.#.#...#..#
####.### #...........#.#...>...
.#.(.# #.......#####.###.####
.#.##### #.......# #.# #.#
.......# #.#.#.#.# #.###.####
.....#.# #.#...#.# #...#.....


You could see cireshan's ghost.

Action                   |  1- 3 |  4- 6 |  7- 9 | 10-12 || total
-------------------------+-------+-------+-------+-------++-------
Melee: War axe           |   148 |   140 |   342 |   304 ||   934
       Dagger            |       |     9 |       |       ||     9
       Unarmed           |       |    10 |       |       ||    10
 Abil: Dig               |       |     2 |     6 |     2 ||    10
  Use: Scroll            |       |     7 |     6 |     6 ||    19
       Potion            |       |       |       |     1 ||     1
  Eat: Chunk             |     1 |     6 |    13 |    10 ||    30
       Fruit             |       |       |     2 |       ||     2

Notes
Turn   | Place    | Note
--------------------------------------------------------------
     0 | D:1      | Duffy the Formicid Fighter began the quest for the Orb.
     0 | D:1      | Reached XP level 1. HP: 18/18 MP: 1/1
   121 | D:1      | Reached XP level 2. HP: 20/24 MP: 2/2
   123 | D:1      | Reached skill level 4 in Shields
   376 | D:1      | Reached XP level 3. HP: 26/29 MP: 3/3
  1015 | D:2      | Reached skill level 3 in Axes
  1272 | D:2      | Reached XP level 4. HP: 35/35 MP: 4/4
  1648 | D:2      | Reached skill level 5 in Shields
  1727 | D:3      | Noticed derval's ghost (amateur KoAM)
  2129 | D:3      | Found an oddly glowing altar of Pakellas.
  2141 | D:3      | Reached XP level 5. HP: 39/41 MP: 5/5
  2185 | D:3      | Found a burning altar of Makhleb.
  2240 | D:3      | Found a shattered altar of Ashenzari.
  2341 | D:4      | Found a staircase to the Ecumenical Temple.
  2349 | Temple   | Entered the Ecumenical Temple
  2486 | D:4      | Found Duogg's Magic Scroll Shoppe.
  2493 | D:4      | Bought a scroll of fog for 22 gold pieces
  2493 | D:4      | Bought a scroll of magic mapping for 38 gold pieces
  2493 | D:4      | Bought a scroll of identify for 22 gold pieces
  2493 | D:4      | Bought a scroll of random uselessness for 11 gold pieces
  2600 | D:4      | Reached skill level 4 in Axes
  2605 | D:4      | Reached XP level 6. HP: 47/47 MP: 6/6
  2615 | D:4      | Reached skill level 6 in Shields
  2810 | D:4      | Noticed Natasha
  2817 | D:4      | Killed Natasha
  2823 | D:4      | Noticed Natasha
  2832 | D:4      | Killed Natasha
  3026 | D:4      | Reached skill level 5 in Axes
  3026 | D:4      | Reached XP level 7. HP: 46/52 MP: 7/7
  3071 | D:4      | Noticed Natasha
  3073 | D:4      | Killed Natasha
  3228 | D:4      | Reached skill level 7 in Shields
  3232 | D:4      | Noticed Blork the orc
  3237 | D:4      | Killed Blork the orc
  3626 | D:3      | Killed derval's ghost
  3795 | D:3      | Found a glowing golden altar of the Shining One.
  3942 | D:5      | Entered Level 5 of the Dungeon
  4078 | D:5      | Found a shimmering altar of Xom.
  4133 | D:5      | Reached skill level 6 in Axes
  4133 | D:5      | Reached skill level 8 in Shields
  4133 | D:5      | Reached XP level 8. HP: 55/58 MP: 8/8
  5022 | D:5      | Found a sacrificial altar of Ru.
  5207 | D:5      | Reached skill level 7 in Axes
  5222 | D:6      | Reached skill level 9 in Shields
  5648 | D:6      | Reached XP level 9. HP: 50/64 MP: 9/9
  6122 | D:6      | Reached skill level 8 in Axes
  6122 | D:6      | Reached skill level 10 in Shields
  6473 | D:7      | Found a bloodstained altar of Trog.
  6614 | D:7      | Found an oddly glowing altar of Pakellas.
  6811 | D:7      | Reached skill level 9 in Axes
  7005 | D:7      | Found an iron altar of Okawaru.
  7110 | D:7      | Reached skill level 4 in Fighting
  7110 | D:7      | Reached skill level 4 in Armour
  7499 | D:8      | Reached XP level 10. HP: 66/71 MP: 10/10
  7611 | D:8      | Got a dazzling hand axe
  7612 | D:8      | Identified the cursed +0 hand axe "Yriedd" {chop, rC+ Stlth+} (You found it on level 8 of the Dungeon)
  7717 | D:8      | Found a sand-covered staircase.
  7726 | Ossuary  | Entered an ossuary
  8071 | D:8      | Reached skill level 10 in Axes
  8222 | D:8      | Reached skill level 5 in Fighting
  8460 | D:8      | Noticed Maurice
  8493 | D:8      | Killed Maurice
  8493 | D:8      | Reached skill level 5 in Armour
  8731 | D:9      | Noticed cireshan's ghost (novice HEFE)
 10041 | D:9      | Incinerated by cireshan's ghost

Vault maps used:
D:1:      scummos_arrival_forest, hangedman_glass_teeth, st_stairs_13,
          minmay_misc_feat_x, minmay_misc_feat_hallway, serial_bayou_lagoon_b
D:3:      lemuel_round_altar, tso_altar, cheibrodos_ashenzari_chains,
          bloody_makhleb
D:4:      minmay_temple_entry_junction2, serial_shops, shop, uniq_blork_the_orc,
          uniq_natasha
D:5:      xom_butterflies, nicolae_ru_path_of_blood, first_bread
D:6:      supply_closet_lemuel, minivault_25
D:7:      nicolae_overflow_hidden_temple, nicolae_overflow_crystal_walls,
          the_bakery, grunt_pakellas_sulfur
D:8:      nicolae_ossuary_entry_ruins, uniq_maurice
D:9:      lemuel_coloured_pillars_altar
Temple:   water_room_temple_b_12
Ossuary:  ossuary_tomb_3

Vanquished Creatures
  Maurice
  5 yaks
  A spriggan
  A hippogriff
  2 water moccasins
  The ghost of derval the Bolt Thrower, an amateur KoAM
  2 orc warriors
  2 ice beasts
  2 phantoms
  3 black bears
  An ogre
  A necrophage
  2 centaurs Blork the orc
  4 giant frogs
  A wyvern skeleton
  2 scorpions
  5 killer bees
  2 crimson imps
  7 hounds
  2 orc priests
  4 jellies
  6 orc wizards
  Natasha (thrice)
  2 iguanas
  6 worker ants
  2 killer bee zombies
  A hound skeleton
  8 mummies
  A worker ant zombie
  A gnoll
  11 adders
  3 shadow imps
  3 adder skeletons
  An adder zombie
  A worm
  6 giant geckos
  26 orcs
  2 ball pythons
  2 giant cockroaches
  3 goblins
  8 hobgoblins
  7 jackals
  5 quokkas
  10 bats
  6 giant newts
  A gnoll zombie
  3 hobgoblin zombies
  10 kobolds
  2 kobold zombies
  2 orc zombies
  A quokka skeleton
  5 rats
  2 butterflies
202 creatures vanquished.
